AoeStats
← chris

Arena

508500188Analyzed
3v3 RM · 10d ago on Sep 22, 2026· 43m 16s· 6 players
Game mode
Random Map
Map size
Normal (6 player)
Population
200
Speed
Normal
Resources
Standard
Victory
Conquest
Starting age
Dark Age
Ending age
Imperial Age
RankedLock teamsTeams togetherTeam positionsShared explorationLock speedFull tech treeHidden civsTurbo modeCheats
Victory
Defeat
🇸🇪 Mongols · Sweden
1090
+16
🇫🇷 Koreans · France
1063
+17
🇸🇪 Varangians · Sweden
1001
+19
🇩🇪 Vietnamese · Germany
1110
-18
🇩🇪 Franks · Germany
1090
-18
🇩🇪 Bohemians · Germany
1050
-16
Y3Y0
9:43 Feudal Age
14:50 Castle Age
14:08 Loom
14:31 Fletching
16:17 Double-Bit Axe
20:32 Bodkin Arrow
23:53 Bow Saw
28:01 Husbandry
34:06 Wheelbarrow
34:54 Forging
38:38 Ballistics
38:29 Gold Mining
42:10 Horse Collar
43:18 Gold Shaft Mining
43:22 Treadmill Crane
AnzPriz
8:38 Loom
11:01 Feudal Age
13:11 Wheelbarrow
12:57 Double-Bit Axe
12:55 Horse Collar
16:42 Castle Age
18:20 Bloodlines
18:10 Husbandry
19:31 Scale Barding Armor
21:20 Bow Saw
26:02 Heavy Plow
26:22 Hand Cart
26:12 Padded Archer Armor
26:03 Fletching
27:35 Bodkin Arrow
27:57 Leather Archer Armor
27:37 Stone Mining
27:38 Gold Mining
29:32 Husbandry
29:40 Thumb Ring
29:51 Forging
29:46 Light Cavalry
31:24 Stone Shaft Mining
31:24 Gold Shaft Mining
32:43 Ballistics
32:19 Murder Holes
36:43 Imperial Age
36:54 Chain Barding Armor
37:10 Iron Casting
37:51 Conscription
37:53 Drill
37:09 Hussar
38:22 Capped Ram
Sämstsson
12:11 Feudal Age
16:34 Castle Age
14:54 Double-Bit Axe
14:53 Horse Collar
17:35 Bow Saw
22:02 Gold Mining
22:04 Stone Mining
23:23 Heavy Plow
25:23 Wheelbarrow
27:12 Bloodlines
27:02 Husbandry
27:18 Forging
27:17 Scale Mail Armor
28:55 Hand Cart
28:14 Vendel Legacy
30:21 Iron Casting
34:43 Imperial Age
36:34 Gothikon
36:59 Cavalier
37:49 Scale Barding Armor
38:45 Blast Furnace
38:34 Ballistics
39:15 Chemistry
41:48 Pikeman
41:52 Elite Varangian Guard
chris
10:08 Feudal Age
14:26 Castle Age
12:55 Double-Bit Axe
12:52 Horse Collar
21:39 Bow Saw
23:54 Wheelbarrow
24:16 Heavy Plow
26:18 Hand Cart
25:49 Town Watch
29:35 Imperial Age
29:37 Chemistry
28:49 Fortified Wall
29:37 Fletching
29:41 Guard Tower
30:12 Ballistics
30:04 Elite Skirmisher
31:04 Imperial Skirmisher
32:57 Bodkin Arrow
33:04 Padded Archer Armor
36:09 Loom
36:35 Houfnice
39:40 Keep
39:02 Murder Holes
39:19 Masonry
39:14 Siege Engineers
Mihawk
10:18 Feudal Age
14:30 Castle Age
12:31 Horse Collar
13:11 Double-Bit Axe
20:02 Fortified Wall
25:21 Fletching
26:26 Stone Mining
28:45 Loom
29:43 Town Watch
30:33 Wheelbarrow
34:14 Gold Mining
38:06 Imperial Age
35:55 Hand Cart
36:49 Scale Barding Armor
36:41 Bodkin Arrow
36:47 Padded Archer Armor
38:23 Bow Saw
38:22 Heavy Plow
39:39 Cavalier
40:19 Husbandry
40:30 Bloodlines
40:29 Scale Barding Armor
40:34 Forging
40:36 Elite Skirmisher
41:25 Bracer
41:40 Leather Archer Armor
41:31 Imperial Skirmisher
matzoder
10:18 Feudal Age
14:56 Castle Age
14:59 Double-Bit Axe
15:59 Bow Saw
28:56 Gold Mining
31:38 Imperial Age
29:45 Wheelbarrow
40:04 Scale Barding Armor
41:48 Scale Mail Armor
41:59 Forging
41:30 Pikeman
42:31 Halberdier
43:38 Chain Mail Armor
44:00 Iron Casting
Connection lost

Rejoining the realm…

Still unreachable

The connection could not be restored.

Session expired

The server has moved on; the page needs a fresh start.